 Dungeon Crawl Stone Soup version 0.30-a0-313-gae38170b09 (webtiles) character file.

Game seed: 9897996728323380426

30121 Newt the Covert (level 13, -3/103 HPs)
             Began as a Demonspawn Gladiator on Oct 9, 2022.
             Was an Elder of Dithmenos.
             Slain by a seven-headed hydra (11 damage)
             ... on level 5 of the Lair of Beasts on Oct 26, 2022.
             The game lasted 00:22:46 (14144 turns).

Newt the Covert (Demonspawn Gladiator)             Turns: 14144, Time: 00:22:47

Health: -3/103     AC: 12    Str: 18    XL:     13   Next: 18%
Magic:  19/19      EV: 16    Int: 10    God:    Dithmenos [****..]
Gold:   1041       SH:  0    Dex: 16    Spells: 12/12 levels left

rFire   . . .      SeeInvis +    a - +4 rapier "Cohapane" {vorpal, rC+}
rCold   + + .      Faith    .    (no shield)
rNeg    . . .      Spirit   .    n - +4 ring mail of Forking Paths {+Inv Regen+ SInv}
rPois   .          Reflect  .    c - +1 helmet
rElec   .          Harm     .    (no cloak)
rCorr   .          Rampage  .    (gloves unavailable)
Will    .....                    (no boots)
Stlth   ++........               u - amulet of regeneration
HPRegen 1.97/turn                y - ring of wizardry
MPRegen 0.16/turn                F - ring of protection from cold

@: confused, ambrosia-drunk, frozen, wreathed by umbra, very slow
A: hooves 1, ignite blood 2, demonic magic 3, demonic touch 3, large bone plates
1
a: Renounce Religion, Evoke Invisibility, Shadow Step


You were on level 5 of the Lair of Beasts.
You worshipped Dithmenos.
Dithmenos was greatly pleased with you.
You visited 2 branches of the dungeon, and saw 15 of its levels.
You also visited: Sewer.

You collected 1041 gold pieces.

Inventory:

Hand Weapons
 a - the +4 rapier "Cohapane" (weapon) {vorpal, rC+}
   (You found it on level 3 of the Lair of Beasts)

   It inflicts extra damage upon your enemies.
   rC:        It protects you from cold.
 b - a +2 dagger of venom
 q - a +1 short sword of electrocution
 R - a +0 rapier of protection
Missiles
 d - 3 throwing nets (quivered)
 e - 4 javelins
 g - 6 silver boomerangs
 m - 28 poisoned darts
 w - 11 boomerangs
 D - 4 atropa-tipped darts
Armour
 c - a +1 helmet (worn)
 n - the +4 ring mail of Forking Paths (worn) {+Inv Regen+ SInv}
   (You found it on level 3 of the Dungeon)

   SInv:      It lets you see invisible.
   +Inv:      It lets you turn invisible.
   Regen:     It increases your rate of health regeneration.
 G - +0 swamp dragon scales
 V - a +0 troll leather armour
Jewellery
 u - an amulet of regeneration (around neck)
 y - a ring of wizardry (left hand)
 F - a ring of protection from cold (right hand)
 L - an amulet of guardian spirit
 O - a ring of poison resistance
 U - a +4 ring of evasion
Wands
 j - a wand of flame (18)
 r - a wand of mindburst (9)
 v - a wand of paralysis (13)
 I - a wand of roots (27)
 P - a wand of light (14)
 X - a wand of digging (5)
Scrolls
 i - 3 scrolls of noise
 l - 2 scrolls of vulnerability
 z - 3 scrolls of amnesia
 A - 5 scrolls of identify
 E - a scroll of summoning
 H - a scroll of fear
 J - a scroll of magic mapping
 K - 2 scrolls of butterflies
 M - a scroll of enchant armour
 N - 5 scrolls of teleportation
 Q - a scroll of blinking
 T - a scroll of brand weapon
 Z - a scroll of enchant weapon
Potions
 f - a potion of magic
 h - 5 potions of degeneration
 k - 5 potions of curing
 o - 4 potions of flight
 p - a potion of brilliance
 s - 2 potions of lignification
 t - a potion of cancellation
 B - a potion of resistance {unknown}
 C - 2 potions of ambrosia
 W - a potion of attraction
Miscellaneous
 Y - a lightning rod (4/4)


   Skills:
 - Level 10.0 Fighting
 - Level 10.0 Short Blades
 - Level 2.2 Throwing
 - Level 6.0 Armour
 - Level 10.0 Dodging
 + Level 11.5 Stealth
 - Level 8.0 Invocations


You had 12 spell levels left.
You didn't know any spells.
Your spell library contained the following spells:

 Spells                   Type           Power      Damage    Failure   Level
 Shock                    Conj/Air       0%         1d3       26%         1
 Static Discharge         Conj/Air       0%         2-2/arc   34%         2
 Dazzling Flash           Conj/Hex       0%         N/A       56%         3
 Inner Flame              Hex/Fire       0%         N/A       56%         3
 Swiftness                Air            0%         N/A       56%         3
 Vhi's Electric Charge    Tloc/Air       0%         N/A       56%         3
 Airstrike                Air            0%         2d(0-16)  91%         4
 Cause Fear               Hex            0%         N/A       91%         4
 Petrify                  Tmut/Erth      0%         N/A       91%         4
 Agony                    Necr           0%         N/A       99%         5
 Arcjolt                  Conj/Air       0%         1d10      99%         5
 Lightning Bolt           Conj/Air       0%         1d11      99%         5
 Metabolic Englaciation   Hex/Ice        0%         N/A       99%         5
 Silence                  Hex/Air        0%         N/A       99%         5
 Statue Form              Tmut/Erth      0%         N/A       100%        6
 Discord                  Hex            0%         N/A       100%        8


Dungeon Overview and Level Annotations

Branches:
Dungeon (10/15)            Temple (0/1) D:5            Lair (5/5) D:9
 Shoals (0/4) Lair:3        Snake (0/4) Lair:3        Sewer (visited)
  Slime: Lair:4-5       Orc: D:9-12

Altars:
Ashenzari
Dithmenos
Nemelex Xobeh
Qazlal
Sif Muna
Trog
Uskayaw
Vehumet
Wu Jian
Xom
Yredelemnul

Shops:
D:6 =

Annotations:
D:5 3 runed translucent doors, Darkkill's ghost, novice MiHu; McGhostyFace's ghost, novice GnWn; Sweetruy1997's ghost, novice DsCK; hgbash's ghost, amateur DsIE; ryw's ghost, novice DsMo


Innate Abilities, Weirdness & Mutations

You have large cloven feet.
Your demonic aura often causes spilled blood to erupt in flames.
Spells you cast and wands you use may paralyse nearby enemies.
Your touch may irresistibly damage your foes and sap their willpower.
You are partially covered in large bone plates. (SH +4)


Message History

The hornet attacks as you move away!
The hornet stings you but does no damage.
The hornet misses you.
You enter the shallow water.
Moving in this stuff is going to be slow.
The rime drake breathes ice at you. The flash freeze hits you!
You partially resist.
You are encased in ice.
The seven-headed hydra misses you.
The seven-headed hydra bites you but does no damage.
The seven-headed hydra bites you.
* * * LOW HITPOINT WARNING * * *
The seven-headed hydra bites you!
* * * LOW HITPOINT WARNING * * *
The seven-headed hydra bites you but does no damage.
The seven-headed hydra bites you.
* * * LOW HITPOINT WARNING * * *
You block the seven-headed hydra's attack.
Unknown command.
You feel much better.
The seven-headed hydra barely misses you.
The seven-headed hydra bites you! The seven-headed hydra bites you.
The seven-headed hydra completely misses you.
The seven-headed hydra bites you but does no damage.
The seven-headed hydra bites you!
* * * LOW HITPOINT WARNING * * *
The seven-headed hydra bites you!
* * * LOW HITPOINT WARNING * * *
You are confused.
You feel invigorated. The hornet barely misses you.
The hornet completely misses you. The seven-headed hydra bites you.
* * * LOW HITPOINT WARNING * * *
The seven-headed hydra completely misses you.
The seven-headed hydra bites you.
* * * LOW HITPOINT WARNING * * *
The seven-headed hydra bites you but does no damage.
The seven-headed hydra misses you. The seven-headed hydra bites you.
* * * LOW HITPOINT WARNING * * *
The seven-headed hydra bites you!
You die...

...# ##......... . # .#.#
##.P......... ~##.
.~####.............. ~ ~..
~...##.............. ~~##~.
#~.##........P......
~~~~~.##.~##.P.............
~~~.~~~~.##ยง...............
~~~~~~~~YD@......P.........
##~##~##ky.....#....#......
~P #~k...#.##..#.).....
~~~~.~~~.########....P....
#~~~~~~~~~~ #....#.....
#.~~~~##.### ##...#..... #
~~#~ #.# ####..#..... ~ ~
~.# ##.##........ ~ ~~~#
#....#..P....


You could see a seven-headed hydra, an elephant, 2 rime drakes and a hornet.

Vanquished Creatures
  Kirke (Lair:4)
  A catoblepas (Lair:2)
  4 hydras (Lair:4)
  A two-headed ogre (D:10)
  An oklob plant (Lair:4)
  A manticore (Lair:3)
  8 black mambas
  A gargoyle (D:9)
  2 unseen horror zombies (D:10)
  3 elephants (Lair:4)
  7 centaur zombies (D:10)
  A rime drake (Lair:5)
  4 cane toads
  Maggie (D:6)
  6 komodo dragons
  A troll (D:9)
  A wind drake (Lair:3)
  4 blink frogs (Lair:2)
  Grinder (D:6)
  2 shadows
  Sigmund (D:2)
  3 vampires (D:10)
  6 wyverns
  A human (Lair:4)
  2 basilisks
  Grum (D:9)
  32 yaks
  6 wraiths (D:10)
  Edmund (D:5)
  4 acid dragons
  9 water moccasins
  A sky beast (D:7)
  A black bear (D:5)
  12 wolves
  2 ogres
  4 centaurs
  3 phantoms
  4 kobold brigands
  Blork the orc (D:5)
  5 bullfrogs
  A necrophage (D:3)
  A gnoll sergeant (D:6)
  3 scorpions
  3 wights (D:9)
  3 killer bees (D:9)
  3 electric eels (Lair:4)
  6 howler monkeys (D:8)
  4 lava snakes (Lair:4)
  2 gnoll boudas
  2 orc priests
  5 hounds
  A jelly (D:5)
  Jessica (D:2)
  3 iguanas
  Terence (D:2)
  7 orc wizards
  3 howler monkey zombies (D:10)
  16 gnolls
  5 river rats (Sewer)
  5 adders
  A white imp (D:7)
  An ufetubus (D:4)
  2 worms
  3 dart slugs (D:3)
  19 orcs
  5 bats
  9 endoplasms
  4 giant cockroaches
  9 goblins
  7 hobgoblins
  3 jackals (D:1)
  24 kobolds
  4 quokkas
  10 ball pythons
  A frilled lizard (D:3)
  3 rats
  2 bushes (Lair:3)
332 creatures vanquished.

Vanquished Creatures (others)
  5 humans (Lair:4)
  5 bushes (Lair:3)
  22 fungi
  23 plants
  A withered plant (D:10)
56 creatures vanquished.

Grand Total: 388 creatures vanquished

Notes
Turn   | Place    | Note
-------+----------+-------------------------------------------
     0 | D:1      | Newt the Demonspawn Gladiator began the quest for the Orb.
     0 | D:1      | Reached XP level 1. HP: 16/16 MP: 1/1
     0 | D:1      | Upgraded the game from 0.30-a0-223-gcb0039aa0c to
                  | 0.30-a0-250-g41c1d76940
     0 | D:1      | Upgraded the game from 0.30-a0-250-g41c1d76940 to
                  | 0.30-a0-313-gae38170b09
   220 | D:1      | Discovered your monstrous ancestry.
   220 | D:1      | Gained mutation: You have large cloven feet. [demonic
                  | ancestry]
   220 | D:1      | Reached XP level 2. HP: 20/22 MP: 2/2
   672 | D:2      | Noticed Jessica
   820 | D:2      | Killed Jessica
   821 | D:2      | Reached skill level 1 in Stealth
   821 | D:2      | Gained mutation: Spells you cast may paralyse adjacent
                  | enemies. [demonic ancestry]
   821 | D:2      | Reached XP level 3. HP: 20/28 MP: 3/3
   986 | D:2      | Reached skill level 2 in Stealth
  1177 | D:2      | Noticed Terence
  1192 | D:2      | Killed Terence
  1193 | D:2      | Gained mutation: Your demonic aura sometimes causes spilled
                  | blood to erupt in flames. [demonic ancestry]
  1193 | D:2      | Reached XP level 4. HP: 12/35 MP: 4/4
  1834 | D:2      | Noticed Sigmund
  1846 | D:2      | Killed Sigmund
  1847 | D:2      | Gained mutation: Your touch may inflict minor irresistible
                  | damage on your foes. [demonic ancestry]
  1847 | D:2      | Reached XP level 5. HP: 9/42 MP: 5/5
  2829 | D:3      | Gained mutation: Spells you cast may paralyse nearby
                  | enemies. [demonic ancestry]
  2829 | D:3      | Reached XP level 6. HP: 33/48 MP: 6/6
  2991 | D:3      | Reached skill level 5 in Short Blades
  3086 | D:3      | Identified the +4 ring mail of Forking Paths {+Inv Regen+
                  | SInv}
  3162 | D:3      | Found a shimmering blue altar of Sif Muna.
  3562 | D:3      | Reached XP level 7. HP: 40/54 MP: 7/7
  3986 | D:4      | Found a bloodstained altar of Trog.
  3998 | D:4      | Found a shadowy altar of Dithmenos.
  4151 | D:4      | Became a worshipper of Dithmenos the Shadowed
  4260 | D:5      | Entered Level 5 of the Dungeon
  4267 | D:5      | Found a glowing drain.
  4271 | Sewer    | Entered a sewer
  4279 | Sewer    | Reached skill level 3 in Stealth
  4373 | Sewer    | Reached skill level 4 in Stealth
  4470 | D:5      | Found a staircase to the Ecumenical Temple.
  4502 | D:5      | Reached skill level 5 in Stealth
  4572 | D:5      | Gained mutation: Your touch may inflict irresistible damage
                  | on your foes. [demonic ancestry]
  4572 | D:5      | Reached XP level 8. HP: 60/60 MP: 8/8
  4668 | D:5      | Found a runed translucent gate.
  4670 | D:5      | Reached * piety under Dithmenos
  4671 | D:5      | Found a runed translucent gate.
  4672 | D:5      | Found a runed translucent gate.
  4673 | D:5      | Noticed ryw's ghost (novice DsMo)
  4696 | D:5      | Noticed hgbash's ghost (amateur DsIE)
  4696 | D:5      | Noticed Sweetruy1997's ghost (novice DsCK)
  4696 | D:5      | Noticed Darkkill's ghost (novice MiHu)
  4701 | D:5      | Reached skill level 6 in Stealth
  4767 | D:5      | Noticed Blork the orc
  4778 | D:5      | Killed Blork the orc
  5217 | D:5      | Reached skill level 7 in Stealth
  5252 | D:5      | Noticed Edmund
  5264 | D:5      | Killed Edmund
  5378 | D:5      | Noticed McGhostyFace's ghost (novice GnWn)
  5390 | D:6      | Noticed Grinder
  5395 | D:6      | Reached skill level 8 in Stealth
  5414 | D:6      | Killed Grinder
  5720 | D:6      | Noticed Maggie
  5730 | D:6      | Killed Maggie
  5731 | D:6      | Reached XP level 9. HP: 65/65 MP: 9/9
  5740 | D:6      | Found a sparkling altar of Nemelex Xobeh.
  5868 | D:6      | Found Miyf's Jewellery Shoppe.
  6128 | D:6      | Reached ** piety under Dithmenos
  6397 | D:7      | Reached skill level 5 in Fighting
  6418 | D:7      | Found a shimmering altar of Xom.
  6419 | D:7      | Found a shimmering altar of Xom.
  6420 | D:7      | Found a shimmering altar of Xom.
  6421 | D:7      | Found a shimmering altar of Xom.
  6421 | D:7      | Found a shimmering altar of Xom.
  6589 | D:7      | Found a shimmering altar of Xom.
  6590 | D:7      | Found a shimmering altar of Xom.
  6612 | D:7      | Reached skill level 1 in Invocations
  7003 | D:8      | Reached skill level 5 in Invocations
  7189 | D:8      | Reached *** piety under Dithmenos
  7199 | D:8      | Reached XP level 10. HP: 60/76 MP: 14/14
  7219 | D:8      | Reached skill level 5 in Dodging
  7386 | D:8      | Gained mutation: You occasionally lose the ability to drink
                  | potions when taking damage. [potion of mutation]
  7386 | D:8      | Gained mutation: You have hoof-like feet. [potion of
                  | mutation]
  7386 | D:8      | Gained mutation: You are resistant to electric shocks.
                  | (rElec) [potion of mutation]
  7387 | D:8      | Lost mutation: You have hoof-like feet. [potion of
                  | mutation]
  7387 | D:8      | Lost mutation: You are resistant to electric shocks.
                  | (rElec) [potion of mutation]
  7387 | D:8      | Lost mutation: You occasionally lose the ability to drink
                  | potions when taking damage. [potion of mutation]
  7387 | D:8      | Gained mutation: Your flesh is cold resistant. (rC+)
                  | [potion of mutation]
  7387 | D:8      | Gained mutation: You occasionally lose the ability to read
                  | scrolls when taking damage. [potion of mutation]
  7862 | D:9      | Found a stormy altar of Qazlal.
  7906 | D:9      | You fall into a shaft and drop 1 floor!
  7906 | D:10     | Entered Level 10 of the Dungeon
  8040 | D:10     | Reached skill level 5 in Armour
  8300 | D:10     | Noticed a two-headed ogre
  8306 | D:10     | Killed a two-headed ogre
  8376 | D:10     | Gained mutation: Spells you cast and wands you use may
                  | paralyse nearby enemies. [demonic ancestry]
  8376 | D:10     | Reached XP level 11. HP: 54/81 MP: 15/15
  8438 | D:10     | Reached skill level 10 in Short Blades
  8574 | D:10     | Found a radiant altar of Vehumet.
  8574 | D:10     | Found a basalt altar of Yredelemnul.
  8643 | D:10     | Found a broken altar of Ashenzari.
  8647 | D:10     | Saw a vision of the Shoals and the Snake Pit.
  8647 | D:10     | Noticed a sea snake
  8647 | D:10     | Noticed a naga warrior
  8647 | D:10     | Noticed a merfolk aquamancer
  8647 | D:10     | Noticed a merfolk javelineer
  8647 | D:10     | Noticed a merfolk impaler
  8647 | D:10     | Noticed a sea snake
  8647 | D:10     | Noticed a sea snake
  8649 | D:10     | Noticed a naga warrior
  8649 | D:10     | Noticed an anaconda
  8650 | D:10     | Noticed a naga ritualist
  8752 | D:10     | Found an ornate altar of the Wu Jian Council.
  8811 | D:10     | Reached **** piety under Dithmenos
  8816 | D:10     | Found a hide-covered altar of Uskayaw.
  8933 | D:9      | Found a staircase to the Lair.
  9117 | D:9      | Noticed Grum
  9131 | D:9      | Killed Grum
  9317 | D:9      | Lost mutation: Your flesh is cold resistant. (rC+) [potion
                  | of mutation]
  9317 | D:9      | Lost mutation: You occasionally lose the ability to read
                  | scrolls when taking damage. [potion of mutation]
  9317 | D:9      | Gained mutation: You are partially covered in large bone
                  | plates. (SH +4) [potion of mutation]
  9549 | Lair:1   | Entered Level 1 of the Lair of Beasts
 10288 | Lair:2   | Reached skill level 10 in Fighting
 10496 | Lair:2   | Noticed a catoblepas
 10873 | Lair:2   | Gained mutation: Your demonic aura often causes spilled
                  | blood to erupt in flames. [demonic ancestry]
 10873 | Lair:2   | Reached XP level 12. HP: 72/97 MP: 18/18
 11109 | Lair:2   | Killed a catoblepas
 11830 | Lair:3   | Found a staircase to the Shoals.
 11867 | Lair:3   | Found a staircase to the Snake Pit.
 12434 | Lair:3   | Identified the +4 rapier "Cohapane" {vorpal, rC+}
 12522 | Lair:3   | Reached ***** piety under Dithmenos
 13088 | Lair:4   | Noticed a six-headed hydra
 13090 | Lair:4   | Noticed Kirke
 13091 | Lair:4   | Killed a six-headed hydra
 13097 | Lair:4   | Killed Kirke
 13098 | Lair:4   | Reached skill level 10 in Dodging
 13164 | Lair:4   | Noticed an eight-headed hydra
 13175 | Lair:4   | Reached skill level 9 in Stealth
 13180 | Lair:4   | Killed an eight-headed hydra
 13271 | Lair:4   | Noticed an eight-headed hydra
 13276 | Lair:4   | Killed an eight-headed hydra
 13277 | Lair:4   | Reached skill level 10 in Stealth
 13349 | Lair:4   | Noticed a six-headed hydra
 13356 | Lair:4   | Killed a six-headed hydra
 13422 | Lair:4   | HP: 3/97 [electric eel/bolt of electricity (6)]
 13582 | Lair:4   | Gained mutation: Your touch may irresistibly damage your
                  | foes and sap their willpower. [demonic ancestry]
 13582 | Lair:4   | Reached XP level 13. HP: 103/103 MP: 19/19
 13653 | Lair:4   | Reached skill level 11 in Stealth
 14049 | Lair:5   | Entered Level 5 of the Lair of Beasts
 14144 | Lair:5   | Slain by a seven-headed hydra

Illustrated notes

Levels and vault maps discovered:
D:1:      spicycebolla_arrival_clurvy, layout_basic, minivault_27
D:2:      layout_basic, kennysheep_donut, uniq_sigmund, uniq_jessica,
          uniq_terence
D:3:      layout_loops_ring, nicolae_sif_muna_condensation, serial_glass,
          glass_columns_b, glass_columns_a, feat_on_display,
          minmay_strange_pillars, feat_on_display, minmay_strange_pillars
D:4:      layout_rooms, tso_oasis_becter, amethyst_overflow_temple_binary
D:5:      layout_basic, minmay_temple_entry_large_hall,
          cheibrodos_sewer_entry_sluice, gammafunk_ghost_cemetery,
          uniq_blork_the_orc, uniq_edmund
D:6:      minmay_opposing_rooms, layout_rooms, mainiacjoe_overflow_paths,
          overflow_temple_1_default, serial_shops, nicolae_shop_window_shopping,
          kennysheep_generic_room_13, uniq_maggie, uniq_grinder
D:7:      layout_cave_pools, xom_shifter_show, kennysheep_generic_room_10
D:8:      layout_basic, kennysheep_doodads
D:9:      layout_loops_ring, nicolae_qazlal_general_emergency,
          david_lair_shrubbed, uniq_grum
D:10:     layout_basic, grunt_ashenzari_visionary
          [grunt_ashenzari_visionary_shoals, grunt_ashenzari_visionary_snake],
          zin_statuary, gammafunk_temple_overflow_elements, lemuel_tele_altar,
          marbit_many_paths, serial_undead, serial_undead_f, serial_undead_c,
          serial_undead_c, serial_undead_f
Lair:1:   layout_loops_ring, beast_lair_carwin_10, lemuel_fruit_fields
Lair:2:   layout_cave_pods
Lair:3:   layout_roguey, minmay_shoals_entry_beasts,
          minmay_snake_entry_six_corridors, minmay_hedge_maze
Lair:4:   layout_roguey, lightli_volcano_entry_magma_tube, st_stairs_10,
          nicolae_lair_liquid_snakes, uniq_kirke
Lair:5:   gammafunk_lair_ancient_temple, layout_layer_cave, slime_entry_2,
          ldierk_geyser

Skill      XL: |  1  2  3  4  5  6  7  8  9 10 11 12 13 |
---------------+----------------------------------------+-----
Throwing       | 2 |  2.2
Short Blades   | 3 4 5 6 7 8 9 10 | 10.0
Dodging        | 3 4 6 10 | 10.0
Stealth        | 1 2 5 8 10 11 | 11.5
Fighting       | 3 4 6 10 | 10.0
Invocations    | 6 8 |  8.0
Armour         | 6 |  6.0

Action                   |  1- 3 |  4- 6 |  7- 9 | 10-12 | 13-15 || total
-------------------------+-------+-------+-------+-------+-------++-------
Melee: Rapier            |    78 |     3 |       |    74 |    71 ||   226
       Kick              |    19 |    35 |   125 |   271 |    39 ||   489
       Dagger            |       |   111 |   356 |   178 |       ||   645
       Touch             |       |    22 |    65 |   134 |    22 ||   243
       Punch             |       |     1 |     7 |    15 |     1 ||    24
       Short sword       |       |       |       |   392 |       ||   392
Throw: Dart              |     3 |       |       |       |       ||     3
       Throwing net      |     1 |     1 |     1 |     3 |       ||     6
       Javelin           |       |       |     1 |       |       ||     1
Invok: Shadow Step       |       |       |       |     3 |     1 ||     4
  Use: Scroll            |     1 |     3 |     8 |    10 |       ||    22
       Potion            |       |       |     3 |     5 |     2 ||    10
 Stab: Held in net/web   |     1 |       |       |     2 |       ||     3
       Sleeping          |       |       |    14 |    29 |     1 ||    44
       Distracted        |       |       |       |     2 |       ||     2
Armor: Leather armour    |    19 |    23 |       |       |       ||    42
       Ring mail         |       |    24 |   124 |   187 |    16 ||   351
Dodge: Dodged            |    58 |    61 |   162 |   304 |    42 ||   627
Block: Other             |       |       |       |    37 |     9 ||    46

Table legend: (Time is in decaauts)
 A = Elapsed time spent in this place.
 B = Non-inter-level travel time spent in this place.
 C = Inter-level travel time spent in this place.
 D = Time resting spent in this place.
 E = Time spent auto-exploring this place.
 F = Levels seen in this place.
 G = Mean time per level.
                   A        B        C        D        E       F      G
               +--------+--------+--------+--------+--------+-----+--------+
         Total |  13710 |  13190 |    520 |   2386 |   8532 |  16 |  856.9 |
       Dungeon |   9116 |   8753 |    363 |   1496 |   5795 |  10 |  911.6 |
          Lair |   4418 |   4261 |    157 |    890 |   2616 |   5 |  883.6 |
         Sewer |    176 |    176 |      0 |      0 |    120 |   1 |  176.0 |
               +--------+--------+--------+--------+--------+-----+--------+

Top non-repeatable levels by time:
     D:2: 1890 daAuts
  Lair:2: 1520 daAuts
  Lair:3: 1181 daAuts
     D:5: 940 daAuts
     D:3: 939 daAuts
  Lair:4: 922 daAuts
     D:6: 919 daAuts
    D:10: 883 daAuts
     D:8: 838 daAuts
     D:1: 801 daAuts
     D:9: 768 daAuts
  Lair:1: 702 daAuts
     D:4: 588 daAuts
     D:7: 546 daAuts
   Sewer: 176 daAuts
